General information
- name: BNet
- type: Ladder 1vs1/FFA
- host: Battle.net
- saver: 7.37
map: TwistedMeadows
- players: 2
- length: 94:32
- speed: Fast
- version: 1.26 W3XP
- replay type: Public
» download(251 KB)
Players
team 1 (winner)
7.37 (
blue | 54 APM | 5144 actions | 94:32)
9 Blademaster
3 Wind Walk
2 Critical Strike
1 Bladestorm
3 Mirror Image
7 Far Seer
2 Feral Spirit
3 Chain Lighting
1 Far Sight
1 Earth Quake
7 Tauren Chieftain
3 Shockwave
3 Endurance Aura
1 Reincarnation
» actions
| Assign group hotkey | 78 | |
| Basic commands | 276 | |
| Build / train | 236 | |
| ESC pressed | 8 | |
| Enter build submenu | 104 | |
| Enter hero's abilities submenu | 24 | |
| Give item / drop item | 48 | |
| Right click | 1947 | |
| Select / deselect | 1209 | |
| Select group hotkey | 581 | |
| Use ability | 633 | |
5144 total
» units
| Peon | 33 | |
| Troll Batrider | 52 | |
| Goblin Shredder | 3 | |
| Goblin Sapper | 1 | |
| Kodo Beast | 1 | |
| Wind Rider | 2 | |
| Goblin Zeppelin | 16 | |
| Troll Witch Doctor | 2 | |
| Demolisher | 1 | |
111 total
» upgrades
| Ranged Weapons | 3 | |
| Liquid Fire | 1 | |
| Reinforced Defenses | 1 | |
| Armor | 3 | |
| Envenomed Spears | 1 | |
| Melee Weapons | 3 | |
| Pillage | 1 | |
| Backpack | 1 | |
| Witch Doctor Training | 2 | |
| Spirit Walker Training | 2 | |
| Burning Oil | 1 | |
| Troll Regeneration | 1 | |
| Shaman Training | 2 | |
| Ensnare | 1 | |
| Spiked Barricades | 1 | |
24 total
» buildings
| Altar of Storms | 1 | |
| Orc Burrow | 27 | |
| Voodoo Lounge | 3 | |
| War Mill | 1 | |
| Watch Tower | 112 | |
| Stronghold | 3 | |
| Beastiary | 3 | |
| Fortress | 2 | |
| Great Hall | 7 | |
| Barracks | 3 | |
| Spirit Lodge | 1 | |
163 total
» build order
00:05 Altar of Storms
00:18 Orc Burrow
00:29 Voodoo Lounge
01:34 Orc Burrow
01:52 War Mill
03:12 Watch Tower
03:13 Watch Tower
03:27 Stronghold
03:27 Stronghold
04:17 Watch Tower
04:18 Watch Tower
04:21 Watch Tower
05:49 Beastiary
05:52 Fortress
05:54 Beastiary
07:51 Orc Burrow
08:41 Beastiary
10:13 Orc Burrow
11:40 Watch Tower
13:53 Watch Tower
13:53 Watch Tower
13:54 Watch Tower
13:55 Watch Tower
13:56 Watch Tower
13:58 Watch Tower
15:23 Great Hall
15:42 Orc Burrow
16:26 Voodoo Lounge
16:28 Watch Tower
18:47 Orc Burrow
18:53 Orc Burrow
25:09 Watch Tower
25:10 Watch Tower
25:11 Watch Tower
25:12 Watch Tower
25:12 Watch Tower
25:13 Watch Tower
25:14 Watch Tower
25:15 Watch Tower
36:26 Great Hall
36:31 Watch Tower
36:33 Watch Tower
36:33 Watch Tower
39:18 Watch Tower
39:19 Watch Tower
39:22 Watch Tower
39:24 Watch Tower
39:31 Watch Tower
46:22 Watch Tower
46:31 Watch Tower
46:32 Watch Tower
46:34 Watch Tower
46:35 Watch Tower
46:36 Watch Tower
48:12 Watch Tower
48:12 Watch Tower
48:13 Watch Tower
48:20 Great Hall
49:33 Great Hall
49:36 Watch Tower
49:36 Watch Tower
49:38 Watch Tower
49:40 Watch Tower
49:41 Watch Tower
49:42 Watch Tower
49:43 Watch Tower
49:44 Watch Tower
49:44 Watch Tower
50:12 Orc Burrow
50:29 Watch Tower
50:51 Watch Tower
50:52 Watch Tower
50:53 Watch Tower
53:09 Watch Tower
53:09 Watch Tower
53:10 Watch Tower
53:14 Watch Tower
53:16 Watch Tower
53:16 Watch Tower
53:17 Watch Tower
53:18 Watch Tower
53:19 Watch Tower
53:20 Watch Tower
53:22 Watch Tower
53:23 Watch Tower
53:24 Watch Tower
53:24 Watch Tower
54:43 Watch Tower
54:44 Watch Tower
54:49 Barracks
54:59 Stronghold
55:13 Spirit Lodge
55:20 Barracks
56:30 Watch Tower
56:32 Watch Tower
58:11 Fortress
62:22 Watch Tower
62:23 Watch Tower
62:25 Watch Tower
62:26 Watch Tower
62:27 Watch Tower
62:28 Watch Tower
62:28 Watch Tower
63:34 Great Hall
63:40 Watch Tower
63:41 Watch Tower
63:41 Watch Tower
63:42 Watch Tower
63:43 Watch Tower
63:43 Watch Tower
65:25 Voodoo Lounge
65:29 Watch Tower
65:30 Watch Tower
66:03 Watch Tower
68:59 Watch Tower
69:00 Watch Tower
69:01 Watch Tower
69:15 Watch Tower
69:16 Watch Tower
69:19 Watch Tower
69:20 Watch Tower
75:47 Great Hall
75:55 Watch Tower
75:56 Watch Tower
75:57 Watch Tower
75:57 Watch Tower
76:00 Watch Tower
76:01 Watch Tower
76:03 Watch Tower
76:04 Watch Tower
76:07 Watch Tower
76:08 Watch Tower
76:09 Watch Tower
76:10 Watch Tower
76:11 Watch Tower
76:11 Watch Tower
84:08 Great Hall
84:13 Watch Tower
84:14 Watch Tower
84:15 Watch Tower
84:16 Watch Tower
84:16 Watch Tower
84:17 Watch Tower
88:42 Orc Burrow
88:48 Orc Burrow
88:56 Orc Burrow
89:08 Orc Burrow
89:15 Orc Burrow
89:29 Orc Burrow
89:45 Orc Burrow
89:52 Orc Burrow
90:01 Orc Burrow
90:06 Orc Burrow
90:20 Orc Burrow
90:40 Orc Burrow
90:47 Orc Burrow
91:03 Barracks
91:48 Orc Burrow
91:50 Orc Burrow
92:43 Orc Burrow
92:47 Orc Burrow
94:05 Orc Burrow
94:10 Orc Burrow
» items
| Healing Salve | 14 | |
| Lesser Clarity Potion | 20 | |
| Boots of Speed | 3 | |
| Staff of Teleportation | 3 | |
| Orb of Lightning | 2 | |
| Potion of Healing | 8 | |
| Tiny Great Hall | 1 | |
| Potion of Mana | 7 | |
| Scroll of Speed | 1 | |
| Periapt of Vitality | 3 | |
| Scroll of Town Portal | 2 | |
| Tome of Retraining | 1 | |
65 total
team 2 (loser)
Struzzz (
red | 40 APM | 3774 actions | 94:29)
5 Priestess of the Moon
2 Searing Arrows
3 Trueshot Aura
» actions
| Assign group hotkey | 58 | |
| Basic commands | 148 | |
| Build / train | 172 | |
| Enter build submenu | 102 | |
| Enter hero's abilities submenu | 5 | |
| Remove unit from queue | 4 | |
| Right click | 1284 | |
| Select / deselect | 1442 | |
| Select group hotkey | 337 | |
| Use ability | 222 | |
3774 total
» units
| Wisp | 67 | |
| Huntress | 13 | |
| Archer | 30 | |
| Hippogryph | 27 | |
| Druid of the Talon | 2 | |
| Goblin Zeppelin | 1 | |
140 total
» upgrades
| Strength of the Moon | 3 | |
| Moon Armor | 2 | |
| Ultravision | 1 | |
| Improved Bows | 1 | |
| Hippogryph Taming | 1 | |
| Strength of the Wild | 3 | |
| Druid of the Talon Training | 2 | |
| Reinforced Hides | 4 | |
| Marksmanship | 1 | |
| Well Spring | 1 | |
| Mark of the Talon | 1 | |
20 total
» buildings
| Altar of Elders | 2 | |
| Moon Well | 25 | |
| Hunter's Hall | 3 | |
| Ancient of War | 3 | |
| Ancient Protector | 52 | |
| Tree of Life | 4 | |
| Tree of Ages | 1 | |
| Ancient of Wind | 2 | |
| Tree of Eternity | 1 | |
93 total
» build order
00:07 Altar of Elders
00:19 Moon Well
00:58 Hunter's Hall
01:34 Ancient of War
01:54 Moon Well
02:19 Ancient of War
02:45 Ancient Protector
03:37 Moon Well
04:07 Moon Well
05:47 Moon Well
06:46 Ancient Protector
09:04 Moon Well
09:11 Ancient Protector
09:27 Ancient Protector
13:54 Ancient Protector
14:33 Moon Well
14:37 Ancient Protector
14:42 Ancient Protector
15:36 Moon Well
16:08 Ancient Protector
16:13 Ancient Protector
16:39 Moon Well
17:29 Ancient Protector
17:36 Ancient Protector
17:44 Ancient Protector
18:41 Tree of Life
18:56 Ancient Protector
19:01 Ancient Protector
20:22 Ancient Protector
20:24 Ancient Protector
20:30 Ancient Protector
21:08 Moon Well
21:10 Ancient Protector
22:52 Moon Well
23:24 Moon Well
25:50 Moon Well
26:36 Moon Well
27:32 Hunter's Hall
27:44 Moon Well
28:28 Ancient of War
28:43 Ancient Protector
28:53 Ancient Protector
28:57 Ancient Protector
29:19 Ancient Protector
29:37 Moon Well
29:43 Ancient Protector
29:48 Ancient Protector
30:02 Ancient Protector
30:09 Ancient Protector
30:27 Ancient Protector
31:00 Ancient Protector
32:15 Tree of Ages
32:43 Ancient Protector
32:48 Ancient Protector
33:17 Ancient Protector
33:35 Ancient Protector
33:57 Ancient Protector
34:27 Ancient Protector
34:35 Ancient Protector
34:42 Ancient of Wind
34:51 Ancient of Wind
35:35 Moon Well
35:58 Moon Well
41:10 Tree of Life
41:16 Ancient Protector
41:20 Ancient Protector
41:41 Tree of Life
41:51 Ancient Protector
42:07 Ancient Protector
42:24 Ancient Protector
42:56 Ancient Protector
44:08 Ancient Protector
44:51 Ancient Protector
52:05 Moon Well
52:07 Moon Well
52:09 Moon Well
52:12 Moon Well
52:21 Moon Well
53:13 Moon Well
53:19 Hunter's Hall
55:19 Altar of Elders
57:27 Tree of Eternity
58:14 Tree of Life
58:19 Ancient Protector
58:36 Ancient Protector
58:51 Ancient Protector
61:48 Moon Well
65:41 Ancient Protector
67:31 Ancient Protector
67:35 Ancient Protector
67:45 Ancient Protector
67:51 Ancient Protector
68:19 Ancient Protector
Chat log
(09:42 / All) Struzzz: LOL
(13:56 / All) Struzzz: really?
(13:58 / All) Struzzz: this is it?
(21:52 / All) Struzzz: is this mostly what orcs do now?
(21:54 / All) Struzzz: tower to bats?
(80:24 / All) Struzzz: just took a showe rhaha